 Dungeon Sprint DCSS version 0.19.1 (webtiles) character file.

65 equalderp2856 the Gouger (level 3, 0/19 HPs)
             Began as a Felid Fighter on Dec 1, 2016.
             Was an Initiate of Gozag.
             Slain by an orc warrior
             ... wielding a +0 dire flail
              (19 damage)
             ... in the Dungeon (Sprint IX: "|||||||||||||||||||||||||||||").
             The game lasted 00:01:50 (422 turns).

equalderp2856 the Gouger (Felid Fighter)             Turns: 422, Time: 00:01:51

Health: 0/19       AC:  1    Str: 13    XL:     3   Next: 92%
Magic:  4/4        EV: 25    Int:  9    God:    Gozag
Gold:   0          SH:  0    Dex: 15    Spells: 0 memorised, 2 levels left
                                        Lives:  0   Deaths: 1

rFire  . . .     SeeInvis +       - Unarmed
rCold  . . .     Gourm    .     (armour unavailable)
rNeg   . . .     Faith    .     (shield unavailable)
rPois  .         Spirit   .     (helmet unavailable)
rElec  .         Reflect  .     (cloak unavailable)
rCorr  .         Harm     .     (gloves unavailable)
MR     .....     NoTele   +     (boots unavailable)
Stlth  ++........               (no amulet)
                                n - +2 ring of evasion
                                m - +2 ring of evasion

@: quick
A: no armour, no weapons or thrown items, stealth, claws 1, fangs 3, see
invisible, carnivore 3, speed 1, shaggy fur 1, slow metabolism 1, sharp paws
a: Potion Petition, Call Merchant, Bribe Branch, Renounce Religion


You were in the Dungeon.
You worshipped Gozag.
Gozag was noncommittal.
You were not hungry.

You visited 1 branch

Inventory:

Jewellery
 m - a +2 ring of evasion (left paw)
 n - a +2 ring of evasion (right paw)
Wands
 l - a wand of lightning (7/15)
Scrolls
 h - 2 scrolls of blinking
 j - 3 scrolls of remove curse
 k - 2 scrolls of amnesia
Potions
 a - a potion of might
 c - a potion of invisibility
 d - 2 potions of heal wounds
 e - a potion of haste
 f - 4 potions of magic
 g - a potion of berserk rage
 i - 4 potions of curing
Comestibles
 b - a meat ration


   Skills:
 + Level 5.2 Fighting
 + Level 6.5 Dodging
 + Level 1.5 Stealth
 + Level 8.8 Unarmed Combat


You had 2 spell levels left.
You didn't know any spells.

Dungeon Overview and Level Annotations

Branches:
Dungeon (1/1)

Altars:
Cheibriados
Dithmenos
Elyvilon
Fedhas
Gozag
Hepliaklqana
Kikubaaqudgha
Makhleb
Nemelex Xobeh
Okawaru
Qazlal
Ru
Sif Muna
Trog
Uskayaw
Vehumet
Xom
Yredelemnul
Zin
The Shining One
Beogh
Jiyva
Lugonu


Innate Abilities, Weirdness & Mutations

You cannot wear armour.
You are incapable of wielding weapons or throwing items.
Your paws allow you to move quietly. (Stealth)
You have sharp claws.
You have razor-sharp teeth.
You have supernaturally acute eyesight. (SInv)
You are carnivorous and can eat meat at any time.
You cover ground quickly.
You are covered in fur. (AC +1)
You have a slow metabolism.
Your sharp claws are effective at attacking unaware monsters.


Message History

You are now level 3!
You rejoin the land of the living...
You open the door.
A yak, a kobold demonologist, 2 orc warriors, a crimson imp and a skeleton come into view.
The orc warrior shouts!
The kobold demonologist shouts!
The orc warrior shouts!
The kobold demonologist casts a spell.
The orc warrior hits you with a dire flail!
Ouch! That really hurt!
There is an open door here.
The yak bellows!
The crimson imp shouts!
You scratch the orc warrior.
The orc warrior is lightly wounded.
The yak snorts and paws the ground.
The orc warrior hits you with a dire flail.
* * * LOW HITPOINT WARNING * * *
You feel much better.
The orc warrior hits you with a dire flail!!
Ouch! That really hurt!
You die...
Your body crumbles into a pile of gold.

▓▓▓▓▓
▓...▓
▓.▓.▓
▓@▓.▓
▓o▓.▓
▓Z▓.▓
▓Y▓.▓
▓K▓.▓
▓o▓.▓
▓5▓.▓
▓+▓.▓
▓.▓.▓
$


You could see a kobold demonologist, a yak, 2 orc warriors, a crimson imp and a
bat skeleton.

Vanquished Creatures
  A bullfrog (D)
  A crimson imp (D)
  A worker ant (D)
  An adder skeleton (D)
  A leopard gecko (D)
  An orc (D)
  A goblin (D)
  A jackal (D)
  3 kobolds (D)
11 creatures vanquished.

Notes
Turn   | Place    | Note
-------+----------+-------------------------------------------
     0 | D        | equalderp2856 the Felid Fighter began the quest for the Orb.
     0 | D        | Reached XP level 1. HP: 10/10 MP: 2/2
    18 | D        | Reached skill level 5 in Unarmed Combat
    30 | D        | Noticed a worker ant
    30 | D        | Noticed a crimson imp
    43 | D        | Killed a crimson imp
    43 | D        | Reached skill level 5 in Dodging
    43 | D        | Reached skill level 6 in Unarmed Combat
    43 | D        | Reached XP level 2. HP: 4/15 MP: 3/3
    43 | D        | Reached XP level 3. HP: 5/18 MP: 4/4
    48 | D        | Reached skill level 7 in Unarmed Combat
    52 | D        | Reached XP level 4. HP: 12/22 MP: 5/5
   192 | D        | Found a roughly hewn altar of Beogh.
   192 | D        | Found a snail-covered altar of Cheibriados.
   192 | D        | Found a shadowy altar of Dithmenos.
   192 | D        | Found a white marble altar of Elyvilon.
   192 | D        | Found a blossoming altar of Fedhas.
   192 | D        | Found an opulent altar of Gozag.
   193 | D        | Found a hazy altar of Hepliaklqana.
   194 | D        | Found a viscous altar of Jiyva.
   195 | D        | Found an ancient bone altar of Kikubaaqudgha.
   196 | D        | Found a corrupted altar of Lugonu.
   197 | D        | Found a burning altar of Makhleb.
   198 | D        | Found a sparkling altar of Nemelex Xobeh.
   199 | D        | Found an iron altar of Okawaru.
   210 | D        | Found a stormy altar of Qazlal.
   211 | D        | Found a sacrificial altar of Ru.
   212 | D        | Found a deep blue altar of Sif Muna.
   213 | D        | Found a bloodstained altar of Trog.
   214 | D        | Found a hide-covered altar of Uskayaw.
   215 | D        | Found a radiant altar of Vehumet.
   216 | D        | Found a shimmering altar of Xom.
   217 | D        | Found a basalt altar of Yredelemnul.
   218 | D        | Found a glowing silver altar of Zin.
   219 | D        | Found a glowing golden altar of the Shining One.
   250 | D        | Became a worshipper of Gozag Ym Sagoz the Greedy
   287 | D        | Noticed a hill giant
   287 | D        | Noticed a gnoll sergeant
   287 | D        | Noticed a hill giant
   287 | D        | Noticed a bullfrog
   289 | D        | Killed a bullfrog
   289 | D        | Reached skill level 5 in Fighting
   289 | D        | Reached skill level 1 in Stealth
   289 | D        | Reached skill level 8 in Unarmed Combat
   352 | D        | Mangled by a hill giant
   353 | D        | Reached XP level 3. HP: -10/19 MP: 4/4
   419 | D        | Noticed an orc warrior
   419 | D        | Noticed a yak
   419 | D        | Noticed a kobold demonologist
   419 | D        | Noticed an orc warrior
   422 | D        | Slain by an orc warrior

Skill      XL: |  1  2  3  4 |
---------------+-------------+-----
Unarmed Combat | 6 7 8 |  8.8
Fighting       | 4 5 |  5.2
Dodging        | 5 6 |  6.5
Stealth        | 1 |  1.5

Action                   |  1- 3 |  4- 6 || total
-------------------------+-------+-------++-------
Melee: Unarmed           |    34 |    11 ||    45
       Bite              |     4 |     2 ||     6
       Punch             |       |     1 ||     1
  Use: Potion            |     2 |       ||     2
 Stab: Distracted        |       |     1 ||     1
  Eat: Chunk             |     2 |       ||     2
Armor: Skin              |     1 |       ||     1
Dodge: Dodged            |    21 |     8 ||    29
